 Dungeon Crawl Stone Soup version 0.19.5 (webtiles) character file.

4521 JeffiDaFish the Basher (level 10, -3/61 HPs)
             Began as a Gargoyle Fighter on Nov 28, 2017.
             Was an Elder of Okawaru.
             Killed from afar by Erica (14 damage)
             ... with a wand of acid
             ... on level 8 of the Dungeon.
             The game lasted 00:17:08 (7642 turns).

JeffiDaFish the Basher (Gargoyle Fighter)           Turns: 7642, Time: 00:17:09

Health: -3/61      AC: 22    Str: 20    XL:     10   Next: 39%
Magic:  10/10      EV:  6    Int:  9    God:    Okawaru [****..]
Gold:   509        SH: 12    Dex: 12    Spells: 0 memorised, 9 levels left

rFire  . . .     SeeInvis .     k - +0 morningstar
rCold  . . .     Gourm    .     t - +1 plate armour
rNeg   + . .     Faith    .     c - +1 shield
rPois  ∞         Spirit   .     (no helmet)
rElec  +         Reflect  .     (no cloak)
rCorr  .         Harm     .     d - +0 pair of gloves
MR     +....                    g - +2 pair of boots
Stlth  ..........               l - amulet of regeneration
                                (no ring)
                                o - ring of protection from magic

@: corroded
A: negative energy resistance 1, electricity resistance, unbreathing,
petrification resistance, rot immunity, AC +7
a: Heroism, Renounce Religion


You were on level 8 of the Dungeon.
You worshipped Okawaru.
Okawaru was greatly pleased with you.
You were not hungry.

You visited 2 branches of the dungeon, and saw 9 of its levels.

You collected 509 gold pieces.

Inventory:

Hand Weapons
 k - a +0 morningstar (weapon)
Armour
 c - a +1 shield (worn)
 d - a +0 pair of gloves (worn)
 g - a +2 pair of boots (worn)
 t - a +1 plate armour (worn)
Jewellery
 l - an amulet of regeneration (around neck)
 o - a ring of protection from magic (left hand)
Wands
 q - a wand of disintegration (0/24)
Scrolls
 b - 2 scrolls of recharging
 j - 7 scrolls of identify
 p - 6 scrolls of remove curse
 r - 2 scrolls of teleportation
 s - a scroll of fear
Potions
 n - 2 potions of flight
Comestibles
 a - 10 chunks of flesh
 f - 7 bread rations
 h - 2 slices of pizza
 i - 2 beef jerkies


   Skills:
 + Level 6.9 Fighting
 + Level 9.3 Maces & Flails
 + Level 7.5 Armour
 + Level 2.3 Dodging
 + Level 1.0 Stealth
 + Level 9.1 Shields


You had 9 spell levels left.
You didn't know any spells.

Dungeon Overview and Level Annotations

Branches:
Dungeon (8/15)             Temple (1/1) D:5
   Lair: D:8-11

Altars:
Ashenzari
Cheibriados
Dithmenos
Elyvilon
Fedhas
Gozag
Hepliaklqana
Kikubaaqudgha
Makhleb
Nemelex Xobeh
Okawaru
Qazlal
Ru
Sif Muna
Trog
Uskayaw
Xom
Yredelemnul
Zin
The Shining One

Annotations:
D:8 Erica


Innate Abilities, Weirdness & Mutations

You are resistant to torment.
Your stone body is resilient. (AC +7)
You are immune to poison.
You resist negative energy. (rN+)
You are resistant to electric shocks. (rElec)
You can survive without breathing.
You are immune to petrification.
You are immune to rotting.


Message History

This wand has no charges.
The shadow imp shouts!
You see here an arrow.
Your plate armour prevents you from hitting Erica.
Erica zaps a wand.
The bolt of acid hits you!
You are splashed with acid!
The acid burns!
You hit Erica but do no damage.
Erica hits you with a scimitar of flaming.
Erica burns you.
The shadow imp shouts, "Take thy face hence, thou impertinent dizzy-eyed tiddler!"
You barely miss Erica. Erica casts a spell at you.
You resist with almost no effort.
Okay, then.
Erica zaps a wand.
The bolt of acid hits you!
You are splashed with acid!
The acid burns!
* * * LOW HITPOINT WARNING * * *
The shadow imp grins evilly.
Erica zaps a wand.
The bolt of acid hits you!
You die...

#..# #..# .#...# #..
.....# ...5. .....#...#
#.#c# .....#...# #.#@#
#.##.#...#####.#(#
#.##.#.......#.#.#
#.##.#.......#.#@#
#.##.#.......#<#.######
#.##.#.#'###.#.........#
#.##.......#.#.#.#####.#
........>..#.#.#...
#..........#.#.####..
######'#####.#.# ##
.)).(..#####.#.#
###..........#.#


You could see Erica, a centaur and a shadow imp.

Vanquished Creatures
  A sixfirhy (D:8)
  A deep elf mage (D:8)
  Grinder (D:6)
  A hippogriff (D:7)
  Sigmund (D:6)
  A hungry ghost (D:8)
  Menkaure (D:4)
  Eustachio (D:4)
  A sky beast (D:6)
  An orc warrior (D:8)
  3 black bears
  An ice beast (D:4)
  A phantom (D:6)
  An ogre (D:4)
  4 centaurs
  A gnoll sergeant (D:8)
  A bullfrog (D:8)
  2 scorpions
  3 killer bees (D:8)
  2 howler monkeys
  3 crimson imps
  3 jellies
  A centaur zombie (D:8)
  2 centaur skeletons
  3 orc priests
  A bullfrog skeleton (D:4)
  8 orc wizards
  3 iguanas
  Ijyb (D:2)
  Natasha (D:2)
  4 worker ants
  A worker ant zombie (D:6)
  12 gnolls
  11 adders
  An ooze (D:7)
  An adder skeleton (D:6)
  4 worms
  2 dart slugs (D:3)
  4 leopard geckos
  30 orcs
  3 ball pythons
  12 giant cockroaches
  6 goblins
  6 hobgoblins
  15 jackals
  A quokka (D:6)
  5 bats
  2 frilled lizards (D:2)
  7 kobolds
  7 rats
189 creatures vanquished.

Notes
Turn   | Place    | Note
-------+----------+-------------------------------------------
     0 | D:1      | JeffiDaFish the Gargoyle Fighter began the quest for the Orb.
     0 | D:1      | Reached XP level 1. HP: 14/14 MP: 1/1
   161 | D:1      | Reached XP level 2. HP: 8/19 MP: 2/2
   810 | D:1      | Reached XP level 3. HP: 23/23 MP: 3/3
  1286 | D:2      | Reached XP level 4. HP: 21/29 MP: 4/4
  1292 | D:2      | Reached skill level 1 in Dodging
  1541 | D:2      | Found a stormy altar of Qazlal.
  1542 | D:2      | Found a blossoming altar of Fedhas.
  1543 | D:2      | Found a bloodstained altar of Trog.
  1545 | D:2      | Found a shattered altar of Ashenzari.
  1545 | D:2      | Found a burning altar of Makhleb.
  1546 | D:2      | Noticed Ijyb
  1557 | D:2      | Killed Ijyb
  1562 | D:2      | Reached XP level 5. HP: 31/33 MP: 5/5
  1686 | D:2      | Noticed Natasha
  1692 | D:2      | Killed Natasha
  1824 | D:2      | Found a shadowy altar of Dithmenos.
  2344 | D:3      | Found a hide-covered altar of Uskayaw.
  2344 | D:3      | Noticed a dagger
  2346 | D:3      | Noticed a dagger
  2762 | D:4      | Reached XP level 6. HP: 37/38 MP: 6/6
  3044 | D:4      | Noticed an ice beast
  3051 | D:4      | Killed an ice beast
  3346 | D:4      | Noticed a black bear
  3350 | D:4      | Reached skill level 5 in Shields
  3356 | D:4      | Killed a black bear
  3356 | D:4      | Reached XP level 7. HP: 37/44 MP: 7/7
  3371 | D:4      | Noticed Eustachio
  3400 | D:4      | Killed Eustachio
  3683 | D:4      | Reached skill level 5 in Maces & Flails
  3735 | D:4      | Noticed Menkaure
  3748 | D:4      | Killed Menkaure
  3748 | D:4      | Reached skill level 5 in Fighting
  3748 | D:4      | Reached skill level 5 in Armour
  3844 | D:4      | Reached XP level 8. HP: 48/49 MP: 8/8
  3915 | D:5      | Entered Level 5 of the Dungeon
  3923 | D:5      | Found a staircase to the Ecumenical Temple.
  3952 | Temple   | Entered the Ecumenical Temple
  4017 | Temple   | Became a worshipper of Warmaster Okawaru
  5214 | D:6      | Found a snail-covered altar of Cheibriados.
  5392 | D:6      | Reached * piety under Okawaru
  5491 | D:6      | Noticed Grinder
  5491 | D:6      | Noticed Sigmund
  5508 | D:6      | Killed Sigmund
  5508 | D:6      | Reached XP level 9. HP: 55/55 MP: 9/9
  5517 | D:6      | Killed Grinder
  6066 | D:7      | Reached ** piety under Okawaru
  6726 | D:7      | Reached skill level 1 in Stealth
  7009 | D:8      | Reached *** piety under Okawaru
  7031 | D:8      | Paralysed by fainting for 6 turns
  7049 | D:8      | Noticed a deep elf mage
  7064 | D:8      | Killed a deep elf mage
  7064 | D:8      | Reached XP level 10. HP: 24/61 MP: 10/10
  7140 | D:8      | Noticed a sixfirhy
  7142 | D:8      | Found a runed door.
  7187 | D:8      | Killed a sixfirhy
  7187 | D:8      | Reached **** piety under Okawaru
  7292 | D:8      | Found a sparkling altar of Nemelex Xobeh.
  7595 | D:8      | Found a glowing silver altar of Zin.
  7595 | D:8      | Found a hazy altar of Hepliaklqana.
  7632 | D:8      | Noticed Erica
  7642 | D:8      | Killed from afar by Erica

Skill      XL: |  1  2  3  4  5  6  7  8  9 10 |
---------------+-------------------------------+-----
Dodging        | 1 2 |  2.3
Armour         | 4 5 6 7 |  7.5
Shields        | 4 5 6 8 9 |  9.1
Maces & Flails | 3 4 5 7 8 9 |  9.3
Fighting       | 4 5 6 |  6.9
Stealth        | 1 |  1.0

Action                   |  1- 3 |  4- 6 |  7- 9 | 10-12 || total
-------------------------+-------+-------+-------+-------++-------
Melee: Flail             |   174 |   320 |   136 |       ||   630
       Morningstar       |       |       |   431 |    93 ||   524
Evoke: Wand              |       |       |       |     1 ||     1
  Use: Scroll            |     3 |     3 |     8 |       ||    14
       Potion            |       |     5 |     5 |     1 ||    11
  Eat: Chunk             |     2 |     7 |    18 |     2 ||    29
Armor: Scale mail        |    67 |       |       |       ||    67
       Chain mail        |    96 |   217 |   214 |       ||   527
       Plate armour      |       |       |   135 |    59 ||   194
Dodge: Dodged            |    72 |    81 |   110 |    34 ||   297
Block: Shield            |   117 |   213 |   384 |    73 ||   787
